 Dungeon Crawl Stone Soup version 0.28-a0-1524-ge72afd5fc6 (webtiles) character file.

Game seed: 8412058350255806308

420 fragbeetle the Insei (level 6, -14/50 HPs)
             Began as a Draconian Transmuter on Jan 17, 2022.
             Demolished by Menkaure (16 damage)
             ... on level 4 of the Dungeon.
             The game lasted 00:06:48 (4164 turns).

fragbeetle the Insei (Draconian Transmuter)         Turns: 4164, Time: 00:06:49

Health: -14/50     AC:  2    Str: 19    XL:     6   Next: 62%
Magic:  6/9        EV: 20    Int: 19    God:
Gold:   104        SH:  0    Dex: 18    Spells: 1/9 levels left

rFire   . . .      SeeInvis .     - Unarmed
rCold   . . .      Faith    .   (shield currently unavailable)
rNeg    . . .      Spirit   .   (armour unavailable)
rPois   x          Reflect  .   (helmet currently unavailable)
rElec   .          Harm     .   (cloak currently unavailable)
rCorr   .          Rampage  .   (gloves currently unavailable)
Will    .....                   (boots currently unavailable)
Stlth   ++........              (no amulet)
HPRegen 0.16/turn               j - +6 ring of strength
MPRegen 0.11/turn               m - +6 ring of intelligence

@: spider-form
A: venomous fangs, AC +6, tiny, unfitting armour, (cold-blooded)
a: End Transformation


You were on level 4 of the Dungeon.
You were a venomous arachnid creature.
You visited 1 branch of the dungeon, and saw 4 of its levels.

You collected 104 gold pieces.

Inventory:

Missiles
 e - 5 boomerangs of dispersal
Jewellery
 g - a ring of protection from fire
 j - a +6 ring of strength (left front leg)
 m - a +6 ring of intelligence (right front leg)
Wands
 p - a wand of iceblast (4)
Scrolls
 i - a scroll of noise
 k - a scroll of immolation
 l - 2 scrolls of identify
 o - a scroll of amnesia {unknown}
 q - a scroll of vulnerability {unknown}
Potions
 a - 2 potions of degeneration {unknown}
 b - a potion of lignification {unknown}
 c - 2 potions of curing {unknown}
 d - a potion of flight {unknown}
 h - 2 potions of haste {unknown}
 n - a potion of might


   Skills:
 + Level 2.7 Fighting
 + Level 2.8 Dodging
 * Level 4.4 Unarmed Combat
 - Level 2.0 Spellcasting
 * Level 4.0 Transmutations
 + Level 1.2 Ice Magic
 * Level 2.6 Poison Magic


You had one spell level left.
You knew the following spells:

 Your Spells              Type           Power      Damage    Failure   Level
a - Beastly Appendage     Tmut           34%        N/A       11%         1
b - Spider Form           Tmut/Pois      14%        N/A       30%         3
c - Ice Form              Ice/Tmut       12%        N/A       71%         4

Your spell library contained the following spells:

 Spells                   Type           Power      Damage    Failure   Level
 Wereblood                Tmut           17%        N/A       14%         2
 Alistair's Intoxication  Tmut/Pois      9%         N/A       89%         5
 Borgnjor's Vile Clutch   Necr/Erth      0%         N/A       100%        5
 Eringya's Noxious Bog    Tmut/Pois      7%         N/A       100%        6


Dungeon Overview and Level Annotations

Branches:
Dungeon (4/15)
 Temple: D:4-7

Altars:
Kikubaaqudgha
Vehumet

Annotations:
D:4 Edmund, Eustachio, Menkaure


Innate Abilities, Weirdness & Mutations

You are a venomous arachnid creature.
You have poisonous fangs.
You are tiny and dextrous.
Your spellcasting is less reliable in this form.
Your armour is entirely melded.
You are incapable of wielding weapons or throwing items.
((Your plain brown scales are hard. (AC +6)))
You cannot fit into any form of body armour.
((You are cold-blooded and may be slowed by cold attacks.))


Message History

You start resting.
Magic restored.
You start resting.
HP restored.
You climb downwards.
You hear the hiss of flowing sand.
There is an entrance to an ossuary on this level.
Hurry and find it before the portal is buried!
Level annotation: Edmund, Eustachio, Menkaure You hear the rapid hiss of a very distant avalanche of sand.
Menkaure shouts!
There is a stone staircase leading up here.
Casting: Spider Form (dangerous; 13% risk of failure)
Confirm with . or Enter, or press ? or * to list all spells.
You turn into a venomous arachnid creature.
Menkaure casts a spell.
Menkaure seems to speed up.
You bite Menkaure!
Menkaure is heavily damaged.
Menkaure misses you.
You barely miss Menkaure.
Menkaure is heavily damaged.
Menkaure gestures at you while chanting.
Pain shoots through your body!
You hit Menkaure but do no damage.
Menkaure is heavily damaged.
Menkaure hits you!!
* * * LOW HITPOINT WARNING * * *
You hit Menkaure but do no damage.
Menkaure is heavily damaged.
Menkaure hits you!
* * * LOW HITPOINT WARNING * * *
You hit Menkaure.
Menkaure is heavily damaged.
Menkaure closely misses you.
You hit Menkaure.
Menkaure is severely damaged.
Menkaure barely misses you. x2
You hit Menkaure.
Menkaure is almost destroyed.
Menkaure hits you!
You die...

#.. .. #< #.# #######
#..########......
#.............#
###...)..#......##
.#.....##.......<.##
.......##.......s..##
..###..###......M...#
. #.M###...........#
##..###.........[#
#.M###..........#
##..###........##
#..# #.......## ##..
##.....## #..#
##..###


You could see Menkaure (fast).

Vanquished Creatures
  Sigmund (D:4)
  Jessica (D:3)
  Ijyb (D:3)
  Terence (D:2)
  An orc wizard (D:4)
  Natasha (thrice) (D:3)
  An adder (D:3)
  A worm (D:2)
  A dart slug (D:2)
  4 orcs
  5 endoplasms
  2 giant cockroaches (D:2)
  5 hobgoblins
  4 jackals (D:2)
  7 kobolds
  3 quokkas
  8 ball pythons
  9 bats
  2 frilled lizards
  9 goblins
  5 rats (D:1)
74 creatures vanquished.

Notes
Turn   | Place    | Note
-------+----------+-------------------------------------------
     0 | D:1      | fragbeetle the Draconian Transmuter began the quest for the
                  | Orb.
     0 | D:1      | Reached XP level 1. HP: 16/16 MP: 3/3
   193 | D:1      | Reached XP level 2. HP: 17/23 MP: 5/5
   757 | D:1      | Found a faded altar of an unknown god.
   877 | D:1      | Reached XP level 3. HP: 28/28 MP: 4/6
   881 | D:1      | Learned a level 3 spell: Spider Form
  1664 | D:2      | Found an ancient bone altar of Kikubaaqudgha.
  2156 | D:3      | Found a radiant altar of Vehumet.
  2217 | D:3      | Reached XP level 4. HP: 32/36 MP: 5/7
  2416 | D:3      | Noticed Terence
  2416 | D:3      | Noticed Ijyb
  2461 | D:2      | Killed Terence
  2462 | D:2      | Reached skill level 1 in Poison Magic
  2662 | D:3      | Killed Ijyb
  2967 | D:3      | Noticed Natasha
  2972 | D:3      | Killed Natasha
  2973 | D:3      | Reached XP level 5. HP: 40/41 MP: 6/8
  3013 | D:3      | Learned a level 4 spell: Ice Form
  3024 | D:3      | Noticed Jessica
  3032 | D:3      | Killed Jessica
  3066 | D:3      | Noticed Natasha
  3073 | D:3      | Killed Natasha
  3237 | D:3      | Found a radiant altar of Vehumet.
  3386 | D:3      | Noticed Natasha
  3393 | D:3      | Killed Natasha
  3663 | D:4      | Noticed Sigmund
  3665 | D:4      | Killed Sigmund
  3666 | D:4      | Reached skill level 1 in Ice Magic
  3666 | D:4      | Reached XP level 6. HP: 48/50 MP: 9/9
  3723 | D:4      | Noticed Menkaure
  4015 | D:4      | Noticed Eustachio
  4016 | D:4      | Noticed Edmund
  4161 | D:4      | HP: 2/50 [Menkaure (13)]
  4164 | D:4      | Demolished by Menkaure

Illustrated notes

Levels and vault maps discovered:
D:1:      dpeg_arrival_subterranean_lakeside_camping, layout_basic,
          shapermc_ecumenical_altar_pompeii, wad_floor_pattern_untrapped,
          chequers_serial_rivers_marsh
D:2:      layout_basic, basic_altar, minmay_misc_feat_secret_circle
D:3:      layout_rooms, lemuel_doored_altar, uniq_terence, uniq_natasha,
          uniq_ijyb, uniq_jessica
D:4:      layout_cave_pods, grunt_temple_overflow_opulence,
          mainiacjoe_overflow_cross_hatched, makhleb_blood_cavern_becter,
          lightli_ossuary_entry_decrepit_ruins, hellmonk_ghost_happy_afterlife,
          uniq_sigmund, uniq_pikel, uniq_edmund, uniq_menkaure, uniq_eustachio

Skill      XL: |  1  2  3  4  5 |
---------------+----------------+-----
Dodging        | 2 |  2.8
Transmutations | 3 4 |  4.0
Fighting       | 2 |  2.7
Poison Magic   | 1 2 |  2.6
Unarmed Combat | 4 |  4.4
Ice Magic      | 1 |  1.2
Spellcasting   | |  2.0

Action                   |  1- 3 |  4- 6 || total
-------------------------+-------+-------++-------
Melee: Unarmed           |   113 |    67 ||   180
       Kick              |    23 |    12 ||    35
       Headbutt          |    12 |     4 ||    16
       Punch             |     4 |       ||     4
       Tailslap          |     9 |     1 ||    10
 Cast: Beastly Appendage |    37 |    13 ||    50
       Spider Form       |       |     4 ||     4
Evoke: Wand              |       |     2 ||     2
  Use: Scroll            |       |     3 ||     3
 Stab: Sleeping          |     1 |       ||     1
Armor: Skin              |    37 |     7 ||    44
Dodge: Dodged            |    62 |    42 ||   104

Table legend: (Time is in decaauts)
 A = Elapsed time spent in this place.
 B = Non-inter-level travel time spent in this place.
 C = Inter-level travel time spent in this place.
 D = Time resting spent in this place.
 E = Time spent auto-exploring this place.
 F = Levels seen in this place.
 G = Mean time per level.
                   A        B        C        D        E       F      G
               +--------+--------+--------+--------+--------+-----+--------+
         Total |   4165 |   4110 |     55 |    764 |   2629 |   4 | 1041.2 |
       Dungeon |   4165 |   4110 |     55 |    764 |   2629 |   4 | 1041.2 |
               +--------+--------+--------+--------+--------+-----+--------+

Top non-repeatable levels by time:
     D:3: 1768 daAuts
     D:2: 1293 daAuts
     D:1: 1039 daAuts
     D:4: 64 daAuts
